 Dungeon Crawl Stone Soup version 0.29.0-11-gd7f09526c8 (webtiles) character file.

Game seed: 5469710916874674638

32 greasedhog the Sneak (level 3, 0/20 HPs)
             Began as a Kobold Hedge Wizard on Sept 6, 2022.
             Killed from afar by a dart slug (6 damage)
             ... with a slug dart
             ... on level 2 of the Dungeon.
             The game lasted 00:01:50 (1964 turns).

greasedhog the Sneak (Kobold Hedge Wizard)          Turns: 1964, Time: 00:01:55

Health: 0/20       AC:  3    Str:  7    XL:     3   Next: 42%
Magic:  5/7        EV: 14    Int: 15    God:
Gold:   39         SH:  0    Dex: 16    Spells: 5/8 levels left

rFire   . . .      SeeInvis .   b - +0 short sword
rCold   . . .      Faith    .   (no shield)
rNeg    . . .      Spirit   .   i - +0 leather armour
rPois   .          Reflect  .   c - +0 hat
rElec   .          Harm     .   (no cloak)
rCorr   +          Rampage  .   (no gloves)
Will    .....                   (no boots)
Stlth   +++.......              (no amulet)
HPRegen 0.06/turn               j - ring of resist corrosion
MPRegen 0.10/turn               (no ring)

@: on blink cooldown
A: small, no large weapons, nightstalker 3
a: no special abilities


You were on level 2 of the Dungeon.
You visited 1 branch of the dungeon, and saw 2 of its levels.

You collected 39 gold pieces.

Inventory:

Hand Weapons
 a - a +0 dagger
 b - a +0 short sword (weapon)
Armour
 c - a +0 hat (worn)
 i - a +0 leather armour (worn)
Jewellery
 j - a ring of resist corrosion (left hand)
Scrolls
 f - 3 scrolls of poison
 m - a scroll of teleportation
Potions
 d - a potion of magic
 e - a potion of curing {unknown}
 g - a potion of brilliance {unknown}
 h - 2 potions of lignification
 k - a potion of mutation {unknown}


   Skills:
 * Level 1.3 Fighting
 * Level 2.1 Short Blades
 - Level 2.4 Dodging
 * Level 3.7 Stealth
 - Level 3.2 Spellcasting
 - Level 1.0 Conjurations
 - Level 1.0 Summonings
 - Level 1.0 Translocations


You had 5 spell levels left.
You knew the following spells:

 Your Spells              Type           Power      Damage    Failure   Level
a - Magic Dart            Conj           20%        1d4       21%         1
b - Blink                 Tloc           10%        N/A       30%         2

Your spell library contained the following spells:

 Spells                   Type           Power      Damage    Failure   Level
 Slow                     Hex            8%         N/A       30%         1
 Call Imp                 Summ           5%         N/A       30%         2
 Conjure Flame            Conj/Fire      3%         6-21      58%         3
 Mephitic Cloud           Conj/Pois/Air  3%         N/A       61%         3
 Confusing Touch          Hex            2%         N/A       65%         3
 Vampiric Draining        Necr           2%         2d6       65%         3


Dungeon Overview and Level Annotations

Branches:
Dungeon (2/15)

Altars:


Innate Abilities, Weirdness & Mutations

You are small and have problems with some larger weapons.
You are completely attuned to the shadows.


Message History

There are monsters nearby!
There are monsters nearby!
The gnoll attacks as you move away! The gnoll closely misses you.
You closely miss the gnoll. The gnoll barely misses you.
b - a +0 short sword (weapon)
The gnoll misses you.
You hit the gnoll.
The gnoll is lightly wounded.
The gnoll hits you with a +0 flail.
You hit the gnoll.
The gnoll is lightly wounded.
The gnoll barely misses you.
You barely miss the gnoll.
The gnoll is lightly wounded.
The gnoll barely misses you.
You hit the gnoll.
The gnoll is moderately wounded.
The gnoll barely misses you.
You hit the gnoll but do no damage.
The gnoll is moderately wounded.
The gnoll barely misses you.
You hit the gnoll but do no damage.
The gnoll is moderately wounded.
The gnoll hits you with a +0 flail.
You barely miss the gnoll.
The gnoll is moderately wounded.
The gnoll barely misses you.
You hit the gnoll but do no damage.
The gnoll is moderately wounded.
The gnoll hits you with a +0 flail.
* * * LOW HITPOINT WARNING * * *
Cast which spell? (? or * to list)
The spell is quite dangerous to miscast (30% risk of failure)!
Continue anyway?
You blink.
A dart slug comes into view.
The gnoll shouts! x2
The gnoll misses you. The dart slug launches a dart at you.
The slug dart hits you.
You die...

#.#
##.##
##..w###
#.g.g...
#g@.#
###..##
....g#
####.#
#ยง# #.#
#.# #.#
#.#


You could see 4 gnolls and a dart slug.

Vanquished Creatures
  A bat (D:1)
  5 endoplasms
  3 giant cockroaches
  7 goblins
  A hobgoblin (D:1)
  A jackal (D:1)
  2 kobolds (D:1)
  2 quokkas (D:1)
  A ball python (D:2)
  3 frilled lizards (D:1)
  A rat (D:2)
27 creatures vanquished.

Notes
Turn   | Place    | Note
-------+----------+-------------------------------------------
     0 | D:1      | greasedhog the Kobold Hedge Wizard began the quest for the
                  | Orb.
     0 | D:1      | Reached XP level 1. HP: 10/10 MP: 4/4
   342 | D:1      | Reached skill level 1 in Short Blades
   375 | D:1      | Found a faded altar of an unknown god.
   411 | D:1      | Reached XP level 2. HP: 11/16 MP: 6/6
   559 | D:1      | Learned a level 2 spell: Blink
   888 | D:1      | Reached skill level 1 in Fighting
  1043 | D:1      | Reached XP level 3. HP: 11/20 MP: 7/7
  1964 | D:2      | Killed from afar by a dart slug

Illustrated notes

Levels and vault maps discovered:
D:1:      psy_arrival_statuary, layout_loops_ring, basic_ecumenical_altar,
          moated_statue, chequers_serial_rivers_micro_b,
          minmay_stone_trees_small, st_stairs_3
D:2:      layout_loops_corners, hex_medium

Skill      XL: |  1  2  3 |
---------------+----------+-----
Stealth        | 3 |  3.7
Short Blades   | 1 2 |  2.1
Fighting       | 1 |  1.3
Dodging        | |  2.4
Spellcasting   | |  3.2
Conjurations   | |  1.0
Summonings     | |  1.0
Translocations | |  1.0

Action                   || total
-------------------------++-------
Melee: Dagger            ||    32
       Short sword       ||    48
       Punch             ||     1
 Cast: Blink             ||     1
  Use: Scroll            ||     4
 Stab: Sleeping          ||    11
       Distracted        ||     1
Armor: Leather armour    ||     4
Dodge: Dodged            ||    38
